 Dungeon Crawl Stone Soup version 0.17.0-24-gcfadda4 (webtiles) character file.

799 dorian the Ruffian (level 7, -2/70 HPs)
             Began as a Troll Monk on Nov 17, 2015.
             Slain by a gnoll
             ... wielding a +0 halberd
              (17 damage)
             ... on level 4 of the Dungeon.
             The game lasted 00:05:51 (3507 turns).

dorian the Ruffian (Troll Monk)                     Turns: 3507, Time: 00:05:51

Health: -2/70      AC:  5    Str: 20    XL:     7   Next: 59%
Magic:  6/6        EV: 11    Int:  6    God:
Gold:   276        SH:  0    Dex: 14    Spells: 0 memorised, 6 levels left

rFire  . . .     SeeInvis .       - Unarmed
rCold  . . .     Clarity  .     a - +0 robe
rNeg   . . .     SustAt   .     (no shield)
rPois  .         Gourm    +     (helmet restricted)
rElec  .         Spirit   .     (no cloak)
rCorr  .         Warding  .     (gloves unavailable)
rMut   .         Stasis   +     (boots unavailable)
MR     .....                    i - amulet of stasis
Stlth  ++........               (no ring)
                                (no ring)

@: not resistant to hostile enchantments, unstealthy
A: unfitting armour, claws 3, fast metabolism 3, gourmand, regeneration 2,
shaggy fur 1, tough skin 2
a: no special abilities


You were on level 4 of the Dungeon.
You were very full.

You visited 1 branch of the dungeon, and saw 4 of its levels.

You collected 276 gold pieces.

Inventory:

Hand Weapons
 z - the +8 flail of the Inferno {flame, -Tele rN+ Int+4 Dex+3, unknown}
   (You found it on level 4 of the Dungeon)

   It has been specially enchanted to burn those struck by it, causing extra
   injury to most foes and up to half again as much damage against particularly
   susceptible opponents.
   It affects your intelligence (+4).
   It affects your dexterity (+3).
   It protects you from negative energy.
   It prevents most forms of teleportation.
Missiles
 d - 7 javelins (quivered)
Armour
 a - a +0 robe (worn)
Jewellery
 i - an amulet of stasis (around neck)
 k - an uncursed ring of fire
Scrolls
 c - 6 scrolls of identify {unknown}
 g - 2 scrolls of recharging {unknown}
 h - 2 scrolls of random uselessness {unknown}
 l - a scroll of noise {unknown}
 n - a scroll of enchant armour {unknown}
 o - a scroll of blinking {unknown}
 r - a scroll of enchant weapon {unknown}
 s - a scroll of immolation {unknown}
 w - 3 scrolls of fog {unknown}
 x - a scroll of fear {unknown}
 y - a scroll of remove curse {unknown}
 B - a scroll of amnesia {unknown}
Potions
 e - a potion of brilliance {unknown}
 f - 2 potions of curing {unknown}
 j - a potion of haste {unknown}
 m - 2 potions of heal wounds {unknown}
 q - a potion of mutation {unknown}
 u - a potion of degeneration {unknown}
 v - 2 potions of beneficial mutation {unknown}
Comestibles
 b - 5 bread rations
 p - a meat ration
 t - 3 slices of pizza
 A - 4 fruits
 C - 7 chunks of flesh


   Skills:
 + Level 4.2 Fighting
 + Level 4.2 Dodging
 - Level 1.1 Stealth
 * Level 7.4 Unarmed Combat


You had 6 spell levels left.
You didn't know any spells.

Dungeon Overview and Level Annotations

Branches:
Dungeon (4/15)
 Temple: D:4-7

Altars:
Ashenzari
Ru
Zin


Innate Abilities, Weirdness & Mutations

You are too large for most types of armour.
You have claws for hands.
Your metabolism is lightning-fast.
You like to eat raw meat.
You heal very quickly.
You are covered in fur (AC +1).
You have very tough skin (AC +2).


Message History

You claw the gnoll shaman, but do no damage.
The gnoll shaman is severely wounded.
The gnoll shaman hits you with a whip!
* * * LOW HITPOINT WARNING * * *
The gnoll barely misses you.
There is an open door here.
There is a huge open gate here.
The gnoll hits you from afar with a halberd!
* * * LOW HITPOINT WARNING * * *
The gnoll shaman calls upon its god to speed up the gnoll.
The gnoll seems to speed up.
The gnoll hits you from afar with a halberd!
* * * LOW HITPOINT WARNING * * *
The gnoll barely misses you. The gnoll misses you.
The gnoll shaman invokes the aid of its god against you.
You resist with some effort.
You see here a ring mail.
The gnoll hits you from afar with a halberd!
You die...

.#....>...#..............###....#
........................## #.....
.......................## #.....
.......................# #.....
................#.....## #...#.
......................## ##.###
.....................#.# #[# #
................#..#..## ##)#
.............<..@....## #..#
..................g#.### ###..#
..................gg##.# #.#..###
.......................####....##
................).......###......
..........................#......
...#..................g..........
..............#....####g.........
....P.....................)......


You could see a gnoll shaman and 4 gnolls.

Vanquished Creatures
  An ogre (D:4)
  A centaur (D:4)
  A wyvern skeleton (D:3)
  An orc priest (D:3)
  An orc wizard (D:3)
  2 hounds
  2 gnoll shamans (D:4)
  25 gnolls
  7 adders
  3 worms
  A giant gecko (D:1)
  14 orcs (D:3)
  7 giant cockroaches
  4 goblins
  6 hobgoblins
  8 jackals
  7 bats
  A jackal skeleton (D:4)
  8 kobolds
  13 rats
113 creatures vanquished.

Notes
Turn   | Place    | Note
--------------------------------------------------------------
     0 | D:1      | dorian the Troll Monk began the quest for the Orb.
     0 | D:1      | Reached XP level 1. HP: 22/22 MP: 0/0
   128 | D:1      | Reached XP level 2. HP: 29/29 MP: 1/1
   250 | D:1      | Found a shattered altar of Ashenzari.
   392 | D:1      | Reached XP level 3. HP: 33/36 MP: 2/2
   723 | D:2      | Reached skill level 5 in Unarmed Combat
   729 | D:2      | Found a glowing silver altar of Zin.
   888 | D:2      | Found a sacrificial altar of Ru.
  1166 | D:3      | Found a faded altar to an unknown god.
  1195 | D:3      | Reached XP level 4. HP: 44/44 MP: 3/3
  1376 | D:3      | Reached XP level 5. HP: 45/53 MP: 4/4
  1752 | D:3      | Reached skill level 6 in Unarmed Combat
  1862 | D:3      | Reached XP level 6. HP: 51/61 MP: 5/5
  2548 | D:4      | Got a slimy flail
  3065 | D:4      | Reached XP level 7. HP: 30/68 MP: 6/6
  3299 | D:4      | Reached skill level 7 in Unarmed Combat
  3507 | D:4      | Slain by a gnoll

Action                   |  1- 3 |  4- 6 |  7- 9 || total
-------------------------+-------+-------+-------++-------
Melee: Unarmed           |   100 |   157 |    69 ||   326
 Stab: Sleeping          |     3 |     1 |       ||     4
       Distracted        |       |       |     1 ||     1
  Eat: Chunk             |    16 |    15 |     6 ||    37
